 Dungeon Crawl Stone Soup version 0.17-a0-1984-g55f5988 (webtiles) character file.

219 Ordine the Cruncher (level 5, -2/42 HPs)
             Began as a Minotaur Gladiator on Oct 6, 2015.
             Slain by a river rat (3 damage)
             ... in a sewer.
             The game lasted 00:06:12 (2121 turns).

Ordine the Cruncher (Minotaur Gladiator)            Turns: 2121, Time: 00:06:12

Health: -2/42      AC:  8    Str: 20    XL:     5   Next: 64%
Magic:  4/4        EV:  8    Int:  3    God:
Gold:   84         SH:  0    Dex: 11    Spells: 0 memorised, 4 levels left

rFire  . . .     SeeInvis .     a - +1 quarterstaff
rCold  . . .     Clarity  +     m - +0 chain mail
rNeg   . . .     SustAt   .     (no shield)
rPois  .         Gourm    .     c - +0 hat
rElec  .         Spirit   .     (no cloak)
rCorr  .         Warding  .     (no gloves)
rMut   .         Stasis   .     (no boots)
MR     .....                    i - amulet of clarity
Stlth  ..........               (no ring)
                                (no ring)

@: not resistant to hostile enchantments, extremely unstealthy
A: retaliatory headbutt, hooves 1, horns 2, berserk 1, dopey 1
a: no special abilities


You were in a sewer.
You were not hungry.

You visited 1 branch of the dungeon, and saw 3 of its levels.
You also visited: Sewer.

You collected 84 gold pieces.

Inventory:

Hand Weapons
 a - a +1 quarterstaff (weapon)
Missiles
 d - 3 throwing nets (quivered)
Armour
 c - a +0 hat (worn)
 m - a +0 chain mail (worn)
Jewellery
 i - an amulet of clarity (around neck)
Potions
 h - 2 potions of haste {unknown}
Comestibles
 b - 3 chunks of flesh
 e - a bread ration
 j - a meat ration
 l - a slice of pizza


   Skills:
 - Level 2.4 Fighting
 + Level 12.1 Staves
 - Level 2.0 Throwing
 - Level 3.2 Dodging


You had 4 spell levels left.
You didn't know any spells.

Dungeon Overview and Level Annotations

Branches:
Dungeon (3/15)

Altars:
Elyvilon
Ru
Zin
The Shining One


Innate Abilities, Weirdness & Mutations

You reflexively headbutt those who attack you in melee.
You have a pair of horns on your head.
You have large cloven feet.
You tend to lose your temper in combat.
You are dopey. (Int -2)


Message History

Your headbutt misses the river rat.
The river rat bites you but does no damage. x2
The river rat bites you.
* * * LOW HITPOINT WARNING * * *
Your unstable footing causes you to fumble your attack.
The rat splashes around in the water.
The rat bites you.
* * * LOW HITPOINT WARNING * * *
The river rat bites you but does no damage.
You sock the river rat!
The river rat is severely wounded.
The river rat bites you.
* * * LOW HITPOINT WARNING * * *
The river rat bites you.
* * * LOW HITPOINT WARNING * * *
The rat splashes around in the water.
The rat bites you.
* * * LOW HITPOINT WARNING * * *
You closely miss the river rat. Your headbutt misses the river rat.
The river rat is severely wounded.
The river rat bites you.
You die...

≈≈≈≈≈#
#≈≈≈≈≈≈#
≈≈≈≈≈#
#≈≈≈≈≈≈#
≈≈≈≈≈#
#≈≈≈≈≈≈#
≈≈≈≈≈#
#≈≈≈≈≈≈#
≈≈≈≈≈#
#≈≈≈≈≈≈#
≈≈≈≈≈#
#≈≈≈≈≈≈#
≈≈≈≈≈#
#≈≈≈≈≈≈#
≈≈≈≈≈#
#≈≈≈≈≈≈#
≈≈≈≈≈#
#≈≈r@r≈#
≈≈≈≈≈#
#≈rrrr≈#
≈≈≈≈≈#
#≈rr≈≈≈#
≈≈≈≈≈#
#≈≈r≈≈≈#
≈≈≈..#
#≈..≈≈≈#
.....#
#......#
.∩∩..#
##......
.....#
#.......
....##


You could see 3 river rats and 6 rats.

Vanquished Creatures
  Natasha (twice) (D:2)
  A gnoll (D:1)
  7 adders
  3 river rats
  A giant gecko (D:2)
  4 bats
  10 goblins
  7 hobgoblins
  10 jackals (D:2)
  7 kobolds
  A ball python (D:1)
  5 giant cockroaches
  3 giant newts
  14 rats
75 creatures vanquished.

Notes
Turn   | Place    | Note
--------------------------------------------------------------
     0 | D:1      | Ordine the Minotaur Gladiator began the quest for the Orb.
     0 | D:1      | Reached XP level 1. HP: 18/18 MP: 0/0
    32 | D:1      | Reached skill level 4 in Staves
    82 | D:1      | Reached XP level 2. HP: 12/25 MP: 1/1
    94 | D:1      | Reached skill level 11 in Staves
    94 | D:1      | Reached XP level 3. HP: 14/30 MP: 2/2
   857 | D:2      | Found a glowing golden altar of the Shining One.
   857 | D:2      | Found a glowing silver altar of Zin.
   858 | D:2      | Found a white marble altar of Elyvilon.
   939 | D:2      | Reached XP level 4. HP: 29/37 MP: 3/3
  1052 | D:2      | Found a sacrificial altar of Ru.
  1094 | D:2      | Gained mutation: You are dopey. (Int -2) [potion of mutation]
  1094 | D:2      | Gained mutation: You have large cloven feet. [potion of mutation]
  1094 | D:2      | Gained mutation: You tend to lose your temper in combat. [potion of mutation]
  1328 | D:2      | Noticed Natasha
  1334 | D:2      | Killed Natasha
  1420 | D:2      | Reached XP level 5. HP: 36/42 MP: 4/4
  1594 | D:2      | Noticed Natasha
  1605 | D:2      | Killed Natasha
  1809 | D:2      | Reached skill level 12 in Staves
  2007 | D:3      | Found a glowing drain.
  2039 | Sewer    | Entered a sewer
  2120 | Sewer    | HP: 2/42 [river rat (1)]
  2121 | Sewer    | Slain by a river rat

Vault maps used:
D:1:      scummos_arrival_forest
D:2:      good_gods_temple_1, nicolae_ru_the_path_less_chosen,
          serial_bayou_lagoon_a, uniq_natasha
D:3:      portal_sewer_entry_e, ecumenical_altar_1
Sewer:    sewer_minmay_w

Action                   |  1- 3 |  4- 6 || total
-------------------------+-------+-------++-------
Melee: Quarterstaff      |    52 |   131 ||   183
  Use: Scroll            |     3 |     5 ||     8
       Potion            |     1 |     1 ||     2
  Eat: Chunk             |       |     4 ||     4
